 Dungeon Crawl Stone Soup version 0.26-a0-639-g72c4674329 (webtiles) character file.

Game seed: 13309501243751939104

29 Peloso the Skirmisher (level 3, 29/29 HPs)
             Began as a Demonspawn Fighter on Sept 18, 2020.
             Got out of the dungeon alive.
             The game lasted 00:02:18 (995 turns).

Peloso the Skirmisher (Demonspawn Fighter)           Turns: 995, Time: 00:02:19

Health: 29/29      AC:  6    Str: 17    XL:     3   Next: 1%
Magic:  3/3        EV:  7    Int:  9    God:
Gold:   58         SH: 13    Dex: 12    Spells: 2/2 levels left

rFire    . . .     SeeInvis .   a - +0 long sword
rCold    . . .     Faith    .   c - +0 kite shield
rNeg     . . .     Spirit   .   b - +0 scale mail
rPois    .         Reflect  .   (no helmet)
rElec    .         Harm     .   (no cloak)
rCorr    .         Rampage  .   (no gloves)
MR       .....                  (no boots)
Stlth    ..........             (no amulet)
HPRegen  0.09/turn              (no ring)
MPRegen  0.08/turn              (no ring)

@: no status effects
A: claws 1, large bone plates 1, blurry vision 1
a: no special abilities


You escaped.
You visited 1 branch of the dungeon, and saw 2 of its levels.

You collected 58 gold pieces.

Inventory:

Hand Weapons
 a - a +0 long sword (weapon)
Armour
 b - a +0 scale mail (worn)
 c - a +0 kite shield (worn)
Jewellery
 f - an uncursed ring of ice {unknown}
Scrolls
 e - 2 scrolls of identify {unknown}
 h - a scroll of blinking {unknown}
 i - 2 scrolls of immolation {unknown}
 n - a scroll of remove curse {unknown}
Potions
 d - a potion of might
 g - a potion of ambrosia
 k - a potion of invisibility


   Skills:
 + Level 3.3 Fighting
 + Level 2.1 Long Blades
 + Level 2.9 Armour
 + Level 0.2 Dodging
 + Level 3.0 Shields


You had 2 spell levels left.
You didn't know any spells.
Your spell library was empty.

Dungeon Overview and Level Annotations

Branches:
Dungeon (2/15)

Altars:


Innate Abilities, Weirdness & Mutations

You are partially covered in large bone plates. (SH +4)
You have sharp fingernails.
Scrolls take you a little longer to read.


Message History

You feel yourself slow down.
(D) Dungeon
Where to? (Enter - D:1 @ (x,y), ? - help)
What level of the Dungeon? (default 1, ? - help)
You flicker for a moment.
You flicker back into view.
You feel a little less clever now.
Your magical contamination has completely faded away.
You see here 17 bolts.
You see here a jackal corpse.
You see here a jackal corpse.
There is a stone staircase leading up here.
You climb upwards.
There is a stone staircase leading down here.
There is an open gate here.
There is an open door here.
There is a staircase leading out of the dungeon here.
There is a staircase leading out of the dungeon here.
Are you sure you want to leave the Dungeon?
This will make you lose the game!
You have escaped!

##♣..............♣
....♣♣♣#'''#♣....♣#
....♣###...###♣♣..#
.♣♣♣##.......# ♣♣♣#
♣♣####..8....####
###..#.......#..###
#....#.8...8.'....#
#....#...⌠...#....#
#.⌠..'.8...8.#..@.#
#....#...8...#....#
###################


There were no monsters in sight!

Vanquished Creatures
  A dart slug (D:1)
  A leopard gecko (D:1)
  5 bats (D:1)
  A giant cockroach (D:2)
  2 goblins (D:1)
  3 hobgoblins (D:1)
  4 jackals (D:2)
  2 frilled lizards
  3 kobolds (D:1)
  A rat (D:2)
23 creatures vanquished.

Notes
Turn   | Place    | Note
-------+----------+-------------------------------------------
     0 | D:1      | Peloso the Demonspawn Fighter began the quest for the Orb.
     0 | D:1      | Reached XP level 1. HP: 18/18 MP: 1/1
   170 | D:1      | Gained mutation: You are partially covered in large bone
                  | plates. (SH +4) [demonic ancestry]
   170 | D:1      | Reached XP level 2. HP: 24/24 MP: 2/2
   832 | D:2      | Reached XP level 3. HP: 28/29 MP: 3/3
   837 | D:2      | Gained mutation: You are weak. (Str -2) [potion of
                  | mutation]
   837 | D:2      | Gained mutation: Scrolls take you a little longer to read.
                  | [potion of mutation]
   837 | D:2      | Lost mutation: You are weak. (Str -2) [potion of mutation]
   837 | D:2      | Gained mutation: You have sharp fingernails. [potion of
                  | mutation]
   995 | D:$      | Got out of the dungeon alive.

Illustrated notes

Levels and vault maps discovered:
D:1:      sevenhm_arrival_forest_fort_large_2, layout_basic
D:2:      layout_basic

Skill      XL: |  1  2 |
---------------+-------+-----
Long Blades    | 2 |  2.1
Shields        | 3 |  3.0
Fighting       | |  3.3
Armour         | |  2.9
Dodging        | |  0.2

Action                   || total
-------------------------++-------
Melee: Long sword        ||    75
  Use: Potion            ||     5
Armor: Scale mail        ||    56
Dodge: Dodged            ||    28
Block: Kite shield       ||    86
       Rpst.: Long sword ||     7

Table legend: (Time is in decaauts)
 A = Elapsed time spent in this place.
 B = Non-inter-level travel time spent in this place.
 C = Inter-level travel time spent in this place.
 D = Time resting spent in this place.
 E = Time spent auto-exploring this place.
 F = Levels seen in this place.
 G = Mean time per level.
                   A        B        C        D        E       F      G
               +--------+--------+--------+--------+--------+-----+--------+
         Total |   1004 |    863 |    141 |     38 |    578 |   2 |  502.0 |
       Dungeon |   1004 |    863 |    141 |     38 |    578 |   2 |  502.0 |
               +--------+--------+--------+--------+--------+-----+--------+

Top non-repeatable levels by time:
     D:1: 808 daAuts
     D:2: 196 daAuts
